 Dungeon Crawl Stone Soup version 0.31-a0-424-g41b3b0883d (webtiles) character file.

Game seed: 13690796782697941314

6531 Conn the Thaumaturge (level 11, -1/64 HPs)
             Began as an Octopode Fire Elementalist on July 30, 2023.
             Was an Elder of Sif Muna.
             Engulfed by a cloud of flame (15 damage)
             ... on level 9 of the Dungeon.
             The game lasted 00:32:46 (10357 turns).

Conn the Thaumaturge (Octopode Fire Elementalist)  Turns: 10357, Time: 00:32:47

Health: -1/64      AC:  5    Str: 12    XL:     11   Next: 1%
Magic:  22/34      EV:  8    Int: 22    God:    Sif Muna [****..]
Gold:   492        SH:  0    Dex: 16    Spells: 15/30 levels left

rFire   . . .        x - +6 trident (protect)
rCold   . . .        (no shield)
rNeg    . . .        (helmet restricted)
rPois   +            (no amulet)
rElec   .            w - +4 ring of protection
rCorr   .            v - ring of willpower
SInv    .            y - ring of magical power
Will    ++...        D - +6 ring of strength
Stlth   ++++         J - ring of poison resistance
HPRegen 0.30/turn    (no ring)
MPRegen 0.24/turn    (no ring)
                     (no ring)

%: no passive effects
@: held
A: almost no armour, amphibious, 8 rings, camouflage 1, gelatinous body 1,
(nimble swimmer 1), tentacles, agile 1, strong-willed 1, noise suppression
a: Renounce Religion, Channel Magic, Forget Spell, Divine Exegesis


You were on level 9 of the Dungeon.
You worshipped Sif Muna.
Sif Muna was greatly pleased with you.
You visited 1 branch of the dungeon, and saw 9 of its levels.
You also visited: Ossuary.

You collected 492 gold pieces.

Inventory:

Hand Weapons
 b - a +0 short sword of venom
 d - a +0 dagger
 n - a +4 flail of protection
 x - a +6 trident of protection (weapon)
Missiles
 e - 3 throwing nets
 G - a curare-tipped dart (quivered)
Armour
 i - a +0 buckler
 A - a +0 buckler
 F - a -2 hat
Jewellery
 v - a ring of willpower (right tentacle)
 w - a +4 ring of protection (left tentacle)
 y - a ring of magical power (on tentacle)
 D - a +6 ring of strength (on tentacle)
 J - a ring of poison resistance (on tentacle)
Wands
 u - a wand of mindburst (12)
 B - a wand of paralysis (18)
 C - a wand of polymorph (7)
 H - a wand of flame (30)
Scrolls
 j - 2 scrolls of vulnerability
 m - 3 scrolls of teleportation
 o - 2 scrolls of fog
 p - 2 scrolls of poison
 s - a scroll of torment
 E - a scroll of acquirement {unknown}
 I - 2 scrolls of fear {unknown}
 L - a scroll of revelation {unknown}
 M - a scroll of enchant armour {unknown}
 N - a scroll of amnesia {unknown}
Potions
 a - 2 potions of magic
 f - 2 potions of mutation
 g - a potion of curing
 h - 4 potions of attraction
 k - 2 potions of lignification
 l - 2 potions of might
 q - 4 potions of brilliance
 r - 2 potions of haste
 t - 2 potions of cancellation {unknown}
 z - a potion of berserk rage
 K - a potion of ambrosia {unknown}


   Skills:
 + Level 2.1 Fighting
 + Level 0.8 Short Blades
 + Level 2.5 Maces & Flails
 + Level 2.4 Polearms
 + Level 3.6 Dodging
 + Level 5.2 Stealth
 * Level 10.3 Spellcasting
 * Level 5.9 Conjurations
 + Level 1.4 Hexes
 + Level 7.6 Fire Magic
 * Level 3.9 Invocations
 + Level 0.1 Evocations


You had 15 spell levels left.
You knew the following spells:

 Your Spells              Type           Power      Damage    Failure   Level
a - Foxfire               Conj/Fire      100%       2x1d9     1%          1
b - Scorch                Fire           90%        2d8       1%          2
c - Inner Flame           Hex/Fire       31%        N/A       2%          3
d - Flame Wave            Conj/Fire      41%        2d11      3%          4
e - Iskenderun's Battles  Conj           37%        2d9       14%         5

Your spell library contained the following spells:

 Spells                   Type           Power      Damage    Failure   Level
 Slow                     Hex            68%        N/A       3%          1
 Volatile Blastmotes      Fire/Tloc      56%        2d14      3%          3
 Lesser Beckoning         Tloc           22%        N/A       9%          2
 Wereblood                Tmut           11%        N/A       9%          2
 Confusing Touch          Hex            17%        N/A       10%         3
 Gell's Gravitas          Tloc           11%        N/A       17%         3
 Teleport Other           Tloc           11%        N/A       17%         3
 Vampiric Draining        Necr           11%        2d6       17%         3
 Leda's Liquefaction      Hex/Erth       7%         N/A       41%         4
 Irradiate                Conj/Tmut      12%        3d15      43%         5
 Lee's Rapid Deconstruct  Erth           5%         3d6*      85%         5
 Leda's Unmaking          Conj/Erth      12%        9d3       95%         6
 Dispersal                Tloc           5%         N/A       100%        6
 Haunt                    Necr/Summ      5%         N/A       100%        7
 Spellforged Servitor     Conj/Summ      12%        N/A       100%        7
 Borgnjor's Revivificati  Necr           5%         N/A       100%        8
 Death's Door             Necr           5%         N/A       100%        9


Dungeon Overview and Level Annotations

Branches:
Dungeon (9/15)             Temple (0/1) D:7            Lair (0/5) D:8
Ossuary (visited)
    Orc: D:9-12

Altars:
Elyvilon
Gozag
Hepliaklqana
Makhleb
Okawaru
Qazlal
Ru
Sif Muna
Uskayaw
Yredelemnul
The Shining One

Shops:
D:6 (


Innate Abilities, Weirdness & Mutations

You cannot wear most types of armour.
You are amphibious.
You can wear up to eight rings at the same time.
Your skin changes colour to match your surroundings (Stealth+).
Your rubbery body absorbs attacks. (AC +1, EV +1)
((You are camouflaged when in or above water. (Stealth+)))
You have tentacles for arms and can constrict up to eight enemies at once.
You are agile. (Dex +4, Str/Int -1)
You are strong-willed. (Will+)
You passively dampen the noise of your surroundings.


Message History

Sif Muna accepts your kill.
The gnoll explodes!
The fiery explosion engulfs you!!!
Ouch! That really hurt!
* * * LOW HITPOINT WARNING * * *
Unknown command.
Unknown command.
Unknown command.
Okay, then.
Unknown command.
Unknown command.
Unknown command.
You feel much better.
You are engulfed in blazing flames.
* * * LOW HITPOINT WARNING * * *
You feel much better.
You are engulfed in blazing flames.
* * * LOW HITPOINT WARNING * * *
Okay, then.
Okay, then.
Unknown command.
Unknown command.
You feel much better.
You are engulfed in blazing flames.
You feel much better.
You are engulfed in blazing flames.
The gnoll hits you with a +0 spear.
You feel much better.
You are engulfed in blazing flames.
The gnoll hits you but does no damage.
You feel better.
You are engulfed in blazing flames.
* * * LOW HITPOINT WARNING * * *
The gnoll is no longer moving quickly.
The gnoll hits you with a +0 spear.
* * * LOW HITPOINT WARNING * * *
You feel better.
You are engulfed in blazing flames.
* * * LOW HITPOINT WARNING * * *
The gnoll bouda barks out a call to the hunt!
The gnoll picks up the pace!
The gnoll hits you with a +0 spear.
* * * LOW HITPOINT WARNING * * *
You feel better.
You are engulfed in blazing flames.
* * * LOW HITPOINT WARNING * * *
The gnoll closely misses you.
You feel better.
You are engulfed in blazing flames.
You die...

##.# ...# ..##
....######
#.#......###.# ###(#
####.<...#
######...###.......##
.....§†@.....#####...#
######g####### ##.#
°.. .. #g§§○ ## #..○.
#.... #.... #....


You could see a gnoll bouda and a gnoll (swift).

Vanquished Creatures
  A two-headed ogre (D:8)
  Pikel (D:5)
  An oklob plant (D:8)
  A hornet (D:7)
  2 trolls
  2 steam dragons
  Menkaure (D:7)
  4 water moccasins
  2 sky beasts
  4 ice beasts
  An orc warrior (D:8)
  2 black bears (D:7)
  6 ogres
  2 lemures (D:5)
  Blork the orc (D:5)
  A phantom (D:5)
  A kobold brigand (D:5)
  2 bullfrogs (D:6)
  5 scorpions
  3 gnoll sergeants
  A water moccasin zombie (Ossuary)
  3 killer bees (D:8)
  An oklob sapling (D:8)
  4 jellies
  4 hounds
  2 gnoll boudas (D:6)
  4 orc priests
  2 sleepcaps
  9 iguanas
  4 orc wizards
  2 mummies (Ossuary)
  23 gnolls
  7 adders
  An ufetubus (D:4)
  5 adder zombies (Ossuary)
  4 worms
  27 orcs
  14 ball pythons
  7 bats
  10 endoplasms
  2 giant cockroaches
  3 goblins
  7 hobgoblins
  5 jackals
  3 quokkas
  3 frilled lizards
  5 gnoll zombies (Ossuary)
  6 hobgoblin zombies (Ossuary)
  4 kobolds
  11 kobold zombies (Ossuary)
  5 orc zombies (Ossuary)
  6 rats
237 creatures vanquished.

Vanquished Creatures (collateral kills)
  12 foxfires (D:8)
12 creatures vanquished.

Vanquished Creatures (others)
  A dart slug (D:4)
  410 foxfires
411 creatures vanquished.

Grand Total: 660 creatures vanquished

Notes
Turn   | Place    | Note
-------+----------+-------------------------------------------
     0 | D:1      | Conn the Octopode Fire Elementalist began the quest for the
                  | Orb.
     0 | D:1      | Reached XP level 1. HP: 11/11 MP: 3/3
   111 | D:1      | Reached XP level 2. HP: 15/17 MP: 0/5
   753 | D:2      | Reached XP level 3. HP: 18/21 MP: 3/6
   837 | D:2      | Learned a level 2 spell: Scorch
   841 | D:2      | Learned a level 3 spell: Inner Flame
   880 | D:2      | Reached XP level 4. HP: 9/27 MP: 5/7
  1103 | D:2      | Found a faded altar of an unknown god.
  1357 | D:2      | Reached skill level 3 in Spellcasting
  1805 | D:3      | Reached XP level 5. HP: 31/31 MP: 4/9
  1934 | D:3      | Found a white marble altar of Elyvilon.
  1937 | D:3      | Found a glowing golden altar of the Shining One.
  1941 | D:3      | Found a burning altar of Makhleb.
  1941 | D:3      | Found a shimmering blue altar of Sif Muna.
  1941 | D:3      | Found a hide-covered altar of Uskayaw.
  1941 | D:3      | Found an iron altar of Okawaru.
  1943 | D:3      | Found a sacrificial altar of Ru.
  1944 | D:3      | Found an opulent altar of Gozag.
  1945 | D:3      | Found a stormy altar of Qazlal.
  1946 | D:3      | Found a hazy altar of Hepliaklqana.
  1949 | D:3      | Became a worshipper of Sif Muna the Loreminder
  2378 | D:3      | Learned a level 4 spell: Flame Wave
  2675 | D:4      | Reached XP level 6. HP: 32/37 MP: 5/11
  3036 | D:4      | Found a sand-covered staircase.
  3041 | Ossuary  | Entered an ossuary
  3050 | Ossuary  | Reached skill level 4 in Spellcasting
  3074 | Ossuary  | Reached * piety under Sif Muna
  3178 | Ossuary  | Reached skill level 1 in Maces & Flails
  3352 | Ossuary  | Reached XP level 7. HP: 42/42 MP: 0/13
  3456 | Ossuary  | Reached ** piety under Sif Muna
  3496 | Ossuary  | Reached skill level 1 in Fighting
  4073 | D:4      | Noticed a steam dragon
  4189 | D:4      | Learned a level 5 spell: Iskenderun's Battlesphere
  4190 | D:5      | Entered Level 5 of the Dungeon
  4272 | D:5      | Noticed Pikel
  4386 | D:4      | Gained mutation: Your mind is acute. (Int +4, Str/Dex -1)
                  | [potion of mutation]
  4386 | D:4      | Gained mutation: You possess an exceptional clarity of
                  | mind. [potion of mutation]
  4386 | D:4      | Lost mutation: Your mind is acute. (Int +4, Str/Dex -1)
                  | [potion of mutation]
  4386 | D:4      | Gained mutation: Your system is resistant to poisons.
                  | (rPois) [potion of mutation]
  4453 | D:5      | Killed Pikel
  4454 | D:5      | Reached skill level 5 in Spellcasting
  4454 | D:5      | Reached skill level 5 in Fire Magic
  4454 | D:5      | Reached XP level 8. HP: 14/48 MP: 11/16
  4887 | D:5      | Reached skill level 6 in Spellcasting
  5026 | D:5      | Noticed Blork the orc
  5960 | D:6      | Reached skill level 1 in Polearms
  5960 | D:6      | Reached skill level 1 in Hexes
  5960 | D:6      | Reached XP level 9. HP: 54/54 MP: 19/19
  5966 | D:6      | Reached skill level 7 in Spellcasting
  6009 | D:6      | Reached *** piety under Sif Muna
  6010 | D:6      | Reached skill level 1 in Invocations
  6153 | D:6      | Found a basalt altar of Yredelemnul.
  6214 | D:6      | Noticed a troll
  6436 | D:6      | Reached skill level 8 in Spellcasting
  6576 | D:6      | Found Ceweg's Weapon Emporium.
  6577 | D:6      | Noticed a +0 giant spiked club
  6580 | D:6      | Noticed a +0 executioner's axe
  6626 | D:6      | Killed a troll
  6726 | D:6      | Reached skill level 5 in Conjurations
  7115 | D:7      | Reached XP level 10. HP: 60/60 MP: 12/22
  7247 | D:7      | Found a staircase to the Ecumenical Temple.
  7554 | D:7      | Noticed Menkaure
  7561 | D:7      | Killed Menkaure
  7672 | D:7      | Reached skill level 9 in Spellcasting
  7925 | D:7      | Found the +18 Lear's hauberk
  8284 | D:5      | Killed Blork the orc
  8478 | D:4      | Lost mutation: You possess an exceptional clarity of mind.
                  | [potion of mutation]
  8478 | D:4      | Lost mutation: Your system is resistant to poisons. (rPois)
                  | [potion of mutation]
  8478 | D:4      | Gained mutation: You are strong-willed. (Will+) [potion of
                  | mutation]
  8478 | D:4      | Gained mutation: You are agile. (Dex +4, Str/Int -1)
                  | [potion of mutation]
  8478 | D:4      | Gained mutation: You passively dampen the noise of your
                  | surroundings. [potion of mutation]
  8773 | D:8      | Reached skill level 5 in Stealth
  8866 | D:8      | Noticed a two-headed ogre
  8874 | D:8      | Killed a two-headed ogre
  8971 | D:8      | Found a staircase to the Lair.
  9298 | D:8      | Reached skill level 10 in Spellcasting
  9314 | D:8      | Noticed an oklob plant
  9330 | D:8      | Reached **** piety under Sif Muna
  9351 | D:8      | Killed an oklob plant
 10339 | D:9      | Reached XP level 11. HP: 64/64 MP: 25/25
 10357 | D:9      | Engulfed by a cloud of flame

Illustrated notes

Levels and vault maps discovered:
D:1:      dpeg_arrival_concentric_ovals, layout_rooms
D:2:      layout_loops_ring, shapermc_ecumenical_altar_pompeii,
          serial_park_tiny_1
D:3:      layout_loops_cross, minitemple, kennysheep_cross_room,
          wander_ebering_terrifying_dragon_lair
D:4:      minmay_razor_zed, layout_basic, enter_ossuary_2
D:5:      wad_river_or_something, layout_basic, uniq_blork_the_orc, uniq_pikel
D:6:      layout_cave_pools, yredelemnul_altar_generic, serial_shops,
          nicolae_shop_mannequins, grunt_potential
D:7:      layout_loops_ring, minmay_temple_entry_hall,
          hellmonk_guarded_unrand_lears, uniq_menkaure
D:8:      layout_cave_pools, dpeg_oklobed_lair, introduction_to_nature_2
D:9:      layout_rooms, grunt_temple_overflow_order_and_chaos_1,
          nicolae_transporter_intersection

Skill      XL: |  1  2  3  4  5  6  7  8  9 10 |
---------------+-------------------------------+-----
Stealth        | 3 4 5 |  5.2
Spellcasting   | 3 4 5 6 8 10 | 10.3
Fire Magic     | 4 5 6 7 |  7.6
Conjurations   | 2 3 4 5 |  5.9
Maces & Flails | 1 2 |  2.5
Fighting       | 1 2 |  2.1
Dodging        | 3 |  3.6
Polearms       | 1 2 |  2.4
Hexes          | 1 |  1.4
Invocations    | 2 3 |  3.9
Short Blades   | |  0.8
Evocations     | |  0.1

Action                     |  1- 3 |  4- 6 |  7- 9 | 10-12 || total
---------------------------+-------+-------+-------+-------++-------
  Melee: Unarmed           |    13 |       |       |       ||    13
         Constrict         |     8 |    21 |    16 |     7 ||    52
         Tentacles         |     3 |    14 |    16 |    24 ||    57
         Dagger            |     2 |     2 |       |       ||     4
         Short sword       |       |    23 |       |       ||    23
         Flail             |       |    46 |    35 |       ||    81
         Punch             |       |       |     1 |     1 ||     2
         Trident           |       |       |    38 |    70 ||   108
   Cast: Foxfire           |    37 |    73 |    61 |    82 ||   253
         Scorch            |       |     7 |    53 |    36 ||    96
         Inner Flame       |       |     3 |    20 |     8 ||    31
         Flame Wave        |       |       |     6 |     7 ||    13
         Iskenderun's Batt |       |       |       |     2 ||     2
 Invoke: Channel Magic     |       |       |     2 |       ||     2
  Evoke: Wand              |       |       |     3 |       ||     3
    Use: Potion            |     1 |       |     9 |    10 ||    20
         Scroll            |       |       |     7 |     1 ||     8
   Stab: Sleeping          |     1 |     5 |     3 |     3 ||    12
 Armour: Skin              |     3 |     9 |    50 |    10 ||    72
  Dodge: Dodged            |    29 |    38 |    69 |    29 ||   165

Table legend: (Time is in decaauts)
 A = Elapsed time spent in this place.
 B = Non-inter-level travel time spent in this place.
 C = Inter-level travel time spent in this place.
 D = Time resting spent in this place.
 E = Time spent auto-exploring this place.
 F = Levels seen in this place.
 G = Mean time per level.
                   A        B        C        D        E       F      G
               +--------+--------+--------+--------+--------+-----+--------+
         Total |  10416 |   9958 |    458 |   1571 |   5431 |  10 | 1041.6 |
       Dungeon |   9866 |   9408 |    458 |   1241 |   5431 |   9 | 1096.2 |
       Ossuary |    549 |    549 |      0 |    330 |      0 |   1 |  549.0 |
               +--------+--------+--------+--------+--------+-----+--------+

Top non-repeatable levels by time:
     D:5: 2096 daAuts
     D:4: 1613 daAuts
     D:8: 1277 daAuts
     D:6: 1179 daAuts
     D:7: 1035 daAuts
     D:2: 1029 daAuts
     D:3: 870 daAuts
     D:1: 734 daAuts
 Ossuary: 549 daAuts
     D:9: 31 daAuts
